 Dungeon Crawl Stone Soup version 0.19.4-10-g532645f (webtiles) character file.

341 Rrauwl the Charmwright (level 6, -1/42 HPs)
             Began as an Octopode Skald on Feb 25, 2017.
             Slain by Edmund
             ... wielding a +4 flail of protection
              (12 damage)
             ... on level 4 of the Dungeon.
             The game lasted 00:17:30 (3416 turns).

Rrauwl the Charmwright (Octopode Skald)             Turns: 3416, Time: 00:17:30

Health: -1/42      AC:  1    Str: 12    XL:     6   Next: 56%
Magic:  6/10       EV: 14    Int: 15    God:
Gold:   192        SH:  0    Dex: 12    Spells: 1 memorised, 8 levels left

rFire  . . .     SeeInvis .     s - +4 dagger (venom)
rCold  . . .     Gourm    .     (no shield)
rNeg   . . .     Faith    .     (helmet restricted)
rPois  .         Spirit   .     n - amulet of harm
rElec  .         Reflect  .     (no ring)
rCorr  .         Harm     +     (no ring)
MR     .....                    (no ring)
Stlth  +++.......               (no ring)
                                (no ring)
                                (no ring)
                                (no ring)
                                (no ring)

@: no status effects
A: almost no armour, stealthy swim, amphibious, 8 rings, constrict 8, camouflage
1, gelatinous body 1
a: no special abilities


You were on level 4 of the Dungeon.
You were hungry.

You visited 1 branch of the dungeon, and saw 4 of its levels.
You also visited: Sewer.

You collected 192 gold pieces.

Inventory:

Hand Weapons
 s - a +4 dagger of venom (weapon)
Missiles
 g - 2 throwing nets (quivered)
Jewellery
 h - an uncursed amulet of guardian spirit {unknown}
 n - an amulet of harm (around mantle)
Scrolls
 e - a scroll of teleportation {unknown}
 f - 2 scrolls of amnesia
 i - a scroll of enchant armour {unknown}
 j - 2 scrolls of identify
 p - a scroll of noise {unknown}
 q - a scroll of fog
 r - a scroll of random uselessness {unknown}
 u - a scroll of remove curse
 v - a scroll of recharging {unknown}
Potions
 a - 2 potions of brilliance {unknown}
 k - 4 potions of curing
 l - a potion of ambrosia {unknown}
 o - a potion of resistance
 t - a potion of invisibility
 w - 2 potions of flight {unknown}
 x - a potion of heal wounds {unknown}
Books
 b - a book of Battle

   Spells                             Type                      Level
   a - Infusion                       Charms                       1
   b - Shroud of Golubria             Charms/Translocation         2
   c - Song of Slaying                Charms                       2
   d - Spectral Weapon                Hexes/Charms                 3
   e - Regeneration                   Charms/Necromancy            3
 m - a book of Misfortune

   Spells                             Type                      Level
   a - Confusing Touch                Hexes                        1
   b - Confuse                        Hexes                        3
   c - Gell's Gravitas                Hexes/Translocation          3
   d - Petrify                        Transmutation/Earth          4
   e - Metabolic Englaciation         Hexes/Ice                    5
   f - Yara's Violent Unravelling     Hexes/Transmutation          5
Comestibles
 c - 2 bread rations
 d - 10 chunks of flesh


   Skills:
 + Level 3.2 Fighting
 + Level 2.6 Short Blades
 + Level 1.6 Throwing
 + Level 3.3 Dodging
 + Level 3.3 Stealth
 + Level 2.9 Spellcasting
 + Level 3.8 Charms


You had 8 spell levels left.
You knew the following spells:

 Your Spells              Type           Power        Failure   Level  Hunger
a - Shroud of Golubria    Chrm/Tloc      #.........   14%         2    ##.....


Dungeon Overview and Level Annotations

Branches:
Dungeon (4/15)
 Temple: D:4-7

Altars:
Hepliaklqana
Okawaru
Yredelemnul

Annotations:
D:4 Edmund


Innate Abilities, Weirdness & Mutations

You cannot wear most types of armour.
You are very stealthy in the water. (Stealth+)
You are amphibious.
You can wear up to eight rings at the same time.
You can use your tentacles to constrict eight enemies at once.
Your skin changes colour to match your surroundings (Stealth+).
Your rubbery body absorbs attacks. (AC +1, EV +1)


Message History

You barely miss Edmund. You squeeze Edmund, but do no damage.
Edmund is heavily wounded.
You constrict Edmund.
Edmund hits you with a flail of protection.
You hit Edmund.
Edmund looks as sick as possible!
Edmund is severely wounded.
You constrict Edmund, but do no damage.
Casting: Shroud of Golubria
Confirm with . or Enter, or press ? or * to list all spells.
Space distorts slightly along a thin shroud covering your body.
You constrict Edmund.
Edmund says, "I'm quite good with sums, too."
Edmund hits you with a flail of protection!
* * * LOW HITPOINT WARNING * * *
Your shroud falls apart!
You hit Edmund but do no damage. You squeeze Edmund, but do no damage.
Edmund is almost dead.
You constrict Edmund, but do no damage.
Edmund hits you with a flail of protection!
You die...

#.. ..# #.# #.# #.# #.#
# #.# ###.### .#
####.#### #.....# .#
#......<###.....##.####
#......................
......#####........#####
......# #.....@@......
.....########.##...#####
..##..........###.##
..###########.# .# ..#
#.# .# ..# #.# .# ..#
... .# #.# .## .# #.# .


You could see Edmund.

Vanquished Creatures
  A big kobold (Sewer)
  Jessica (D:3)
  An iguana (D:3)
  A worker ant (D:4)
  9 adders
  2 oozes
  2 worms (D:3)
  2 leopard geckos
  6 orcs
  A giant cockroach (D:2)
  11 goblins
  12 hobgoblins
  11 jackals
  4 quokkas
  A ball python (D:3)
  10 bats
  3 frilled lizards
  9 kobolds
  11 rats
98 creatures vanquished.

Notes
Turn   | Place    | Note
-------+----------+-------------------------------------------
     0 | D:1      | Rrauwl the Octopode Skald began the quest for the Orb.
     0 | D:1      | Reached XP level 1. HP: 14/14 MP: 3/3
   280 | D:1      | Reached skill level 1 in Stealth
   280 | D:1      | Reached XP level 2. HP: 19/19 MP: 5/5
   747 | D:2      | Reached XP level 3. HP: 20/24 MP: 6/6
  1235 | D:2      | Found a hazy altar of Hepliaklqana.
  1247 | D:2      | Reached XP level 4. HP: 28/30 MP: 7/7
  1340 | D:2      | Found an iron altar of Okawaru.
  1679 | D:2      | Found a basalt altar of Yredelemnul.
  2102 | D:3      | Reached XP level 5. HP: 36/36 MP: 8/8
  2279 | D:3      | Learned a level 2 spell: Shroud of Golubria
  2726 | D:3      | Noticed Jessica
  2731 | D:3      | Killed Jessica
  2746 | D:3      | Found a glowing drain.
  2750 | Sewer    | Entered a sewer
  2755 | Sewer    | Reached skill level 1 in Throwing
  2802 | Sewer    | Noticed a big kobold
  2816 | Sewer    | Killed a big kobold
  2816 | Sewer    | Reached XP level 6. HP: 26/42 MP: 10/10
  2950 | Sewer    | Found a white marble altar of Elyvilon.
  3405 | D:4      | Noticed Edmund
  3416 | D:4      | Slain by Edmund

Skill      XL: |  1  2  3  4  5 |
---------------+----------------+-----
Stealth        | 1 2 3 |  3.3
Dodging        | 2 3 |  3.3
Fighting       | 3 |  3.2
Throwing       | 1 |  1.6
Short Blades   | |  2.6
Spellcasting   | |  2.9
Charms         | |  3.8

Action                   |  1- 3 |  4- 6 || total
-------------------------+-------+-------++-------
Melee: Short sword       |    46 |       ||    46
       Constrict         |    12 |    26 ||    38
       Tentacles         |     5 |    25 ||    30
       Dagger            |     3 |   127 ||   130
 Cast: Infusion          |     1 |       ||     1
       Shroud of Golubri |       |     3 ||     3
  Use: Potion            |     1 |     4 ||     5
       Scroll            |       |     6 ||     6
 Stab: Sleeping          |     8 |    20 ||    28
       Distracted        |       |     1 ||     1
  Eat: Beef jerky        |     1 |       ||     1
       Chunk             |       |     6 ||     6
Armor: Skin              |     4 |     4 ||     8
Dodge: Dodged            |    32 |    75 ||   107
